 Dungeon Crawl Stone Soup version 0.27.1-33-g824d729ab1 (webtiles) character file.

Game seed: 6696333458154189895

375 halfoni the Chopper (level 7, 0/53 (55) HPs)
             Began as a Human Berserker on Dec 18, 2021.
             Was a Believer of Trog.
             Slain by a gnoll (3 damage)
             ... on level 4 of the Dungeon.
             The game lasted 00:07:50 (6044 turns).

halfoni the Chopper (Human Berserker)               Turns: 6044, Time: 00:07:50

HP:   0/53 (55)     AC:  8    Str: 19    XL:     7   Next: 3%
MP:   7/7           EV:  6    Int:  8    God:    Trog [**....]
Gold: 18            SH:  0    Dex: 12    Spells: 6/6 levels left

rFire    + . .     SeeInvis +   a - +0 hand axe
rCold    . . .     Faith    .   (no shield)
rNeg     . . .     Spirit   .   k - +0 ring mail "Acrigupu" {rF+ SInv}
rPois    .         Reflect  +   h - +0 helmet
rElec    .         Harm     .   i - +0 cloak
rCorr    .         Rampage  .   (no gloves)
Will     .....                  (no boots)
Stlth    +.........             m - amulet of reflection
HPRegen  0.17/turn              (no ring)
MPRegen  0.10/turn              (no ring)

@: on berserk cooldown, held, slowed, lightly drained, very slow
A: no striking features
a: Renounce Religion, Berserk, Trog's Hand


You were on level 4 of the Dungeon.
You worshipped Trog.
Trog was pleased with you.
You visited 1 branch of the dungeon, and saw 4 of its levels.

You collected 225 gold pieces.
You spent 207 gold pieces at shops.

Inventory:

Hand Weapons
 a - a +0 hand axe (weapon)
Armour
 h - a +0 helmet (worn)
 i - a +0 cloak (worn)
 k - the +0 ring mail "Acrigupu" (worn) {rF+ SInv}
   (You bought it in a shop on level 4 of the Dungeon)

   rF:        It protects you from fire.
   SInv:      It lets you see invisible.
Jewellery
 m - an amulet of reflection (around neck)
Scrolls
 b - a scroll of identify
 c - a scroll of magic mapping
 e - 2 scrolls of amnesia
 f - a scroll of fear
 j - a scroll of fog
Potions
 d - 3 potions of curing
 o - a potion of heal wounds {unknown}
 r - a potion of brilliance {unknown}


   Skills:
 + Level 4.3 Fighting
 + Level 5.0 Axes
 + Level 4.1 Armour
 + Level 2.3 Dodging
 + Level 1.1 Shields


You had 6 spell levels left.
You didn't know any spells.
Your spell library was empty.

Dungeon Overview and Level Annotations

Branches:
Dungeon (4/15)
 Temple: D:4-7

Altars:

Shops:
D:3 :   D:4 *

Annotations:
D:4 1 transporter, BigCheese's ghost, weakling DsCK


Message History

BigCheese's ghost barely misses you.
The gnoll hits you from afar with a +0 spear.
The gnoll hits you from afar with a +2 spear of electrocution.
The gnoll throws a throwing net.
The throwing net hits you.
You become entangled in the net!
The gnoll shaman hits you but does no damage.
BigCheese's ghost hits you but does no damage.
The gnoll hits you from afar with a +0 spear.
The gnoll hits you but does no damage. x2; You feel drained.
The gnoll shaman hits you but does no damage.
BigCheese's ghost hits you.
The gnoll zaps a wand.
You shrug off the repeated paralysis!
The gnoll hits you from afar with a +2 spear of electrocution.
The gnoll hits you but does no damage.
The gnoll shaman hits you with a +0 club!
BigCheese's ghost hits you!
* * * LOW HITPOINT WARNING * * *
The gnoll zaps a wand.
You resist with some effort.
The gnoll hits you from afar with a +2 spear of electrocution.
* * * LOW HITPOINT WARNING * * *
The gnoll hits you from afar with a +0 spear of chaos.
* * * LOW HITPOINT WARNING * * *
You can move again.
You tear a large gash into the net.
The gnoll shaman completely misses you. BigCheese's ghost hits you.
* * * LOW HITPOINT WARNING * * *
The gnoll hits you from afar with a +0 spear.
* * * LOW HITPOINT WARNING * * *
The gnoll hits you but does no damage.
The gnoll hits you from afar with a +0 spear of chaos.
* * * LOW HITPOINT WARNING * * *
You struggle against the net.
You feel a strong urge to attack something.
You are no longer berserk.
You are exhausted.
You feel yourself slow down. The gnoll shaman barely misses you.
BigCheese's ghost whispers, "Death is liberation."
BigCheese's ghost barely misses you.
The gnoll hits you from afar with a +0 spear.
You die...

#.......≈≈..#.#. .# #..≈≈..#.....
#.......≈≈.##.#...#.##.≈≈..#.....
#######.≈≈.#..#.:.#..#.≈≈.##.....
....###.≈≈.##.#####.##.≈≈.##.....
........≈≈..#.#8⌠8#.#.....##.....
....##..≈≈.©#.'.g.'.#§....##.....
....###.≈≈..#.#ggg#.#......#.....
....# #.≈≈.##.##.##.##.≈≈........
....###.≈≈.#©g#)@g#..#.≈≈.##.....
....##..≈≈.##.#⌠W⌠#.##.≈≈.##.....
######..≈≈..#.#...#.#..≈≈.###.##.
...#....≈≈###.##'##.###≈≈.# #.###
##.#.##.≈≈#...........#≈≈.# #.#
.#.#.#..≈≈##.###.###.##≈≈.# #.#
...#....≈≈#..#8###8#..#≈≈.# #.#
........≈≈####.....####≈≈.# #.#
........≈≈≈≈≈≈≈≈≈≈≈≈≈≈≈≈≈.###.#


You could see a gnoll shaman, BigCheese's ghost and 5 gnolls.

Vanquished Creatures
  A black bear (D:4)
  A water moccasin skeleton (D:4)
  A hound (D:4)
  An iguana (D:4)
  An orc wizard (D:4)
  A gnoll (D:4)
  5 adders
  2 adder skeletons (D:4)
  3 worms (D:2)
  3 dart slugs
  4 orcs
  7 ball pythons
  6 bats
  9 endoplasms
  2 giant cockroaches
  2 goblins
  11 hobgoblins
  3 jackals (D:1)
  6 quokkas
  3 frilled lizards
  6 kobolds
  2 rats (D:1)
80 creatures vanquished.

Vanquished Creatures (others)
  7 plants
7 creatures vanquished.

Grand Total: 87 creatures vanquished

Notes
Turn   | Place    | Note
-------+----------+-------------------------------------------
     0 | D:1      | halfoni the Human Berserker began the quest for the Orb.
     0 | D:1      | Reached XP level 1. HP: 18/18 MP: 1/1
   141 | D:1      | Reached XP level 2. HP: 19/24 MP: 2/2
   632 | D:1      | Reached XP level 3. HP: 19/29 MP: 3/3
  1807 | D:2      | Reached XP level 4. HP: 27/37 MP: 4/4
  2789 | D:3      | Reached ** piety under Trog
  2932 | D:3      | Found a faded altar of an unknown god.
  2933 | D:3      | Found Baupul's Book Emporium.
  2953 | D:3      | Reached skill level 4 in Axes
  3161 | D:3      | Reached XP level 5. HP: 42/42 MP: 5/5
  3919 | D:4      | Noticed a black bear
  3919 | D:4      | Found Juefues's Assorted Antiques.
  4324 | D:4      | Killed a black bear
  4325 | D:4      | Reached XP level 6. HP: 48/48 MP: 6/6
  4531 | D:4      | Reached skill level 1 in Shields
  4564 | D:4      | Found a transporter.
  5054 | D:4      | Reached skill level 5 in Axes
  5309 | D:4      | Noticed BigCheese's ghost (weakling DsCK)
  5334 | D:4      | Reached XP level 7. HP: 55/55 MP: 7/7
  5521 | D:4      | Found a transporter.
  5603 | D:4      | Bought a pitted ring mail for 207 gold pieces
  5603 | D:4      | Identified the +0 ring mail "Acrigupu" {rF+ SInv} (You
                  | bought it in a shop on level 4 of the Dungeon)
  6035 | D:4      | Paralysed by a gnoll for 7 turns
  6044 | D:4      | Slain by a gnoll

Illustrated notes

Levels and vault maps discovered:
D:1:      ncdulo_halloftheorcs, layout_loops_cross, minmay_misc_feat_rows
D:2:      layout_loops_ring
D:3:      layout_rooms, serial_shops, shop, dreamdust_ecumenical_altar_grove,
          serial_park_tiny_2, minmay_randomly_rotated_circles
D:4:      layout_basic, gammafunk_ghost_gnarly_gnolls, serial_shops,
          nicolae_shop_statue_plus, roderic_lattice_a

Skill      XL: |  1  2  3  4  5  6 |
---------------+-------------------+-----
Axes           | 4 5 |  5.0
Armour         | 3 4 |  4.1
Fighting       | 4 |  4.3
Shields        | 1 |  1.1
Dodging        | |  2.3

Action                   |  1- 3 |  4- 6 |  7- 9 || total
-------------------------+-------+-------+-------++-------
Melee: Hand axe          |    88 |   180 |     8 ||   276
Invok: Berserk           |     2 |     6 |     1 ||     9
  Use: Scroll            |       |    10 |       ||    10
       Potion            |       |     1 |       ||     1
Armor: Scale mail        |    13 |       |       ||    13
       Chain mail        |    26 |    90 |       ||   116
       Ring mail         |       |       |     8 ||     8
Dodge: Dodged            |    36 |    50 |    11 ||    97
Block: Other             |       |    34 |     2 ||    36
       Reflection        |       |     1 |       ||     1
